 Dungeon Crawl Stone Soup version 0.24-a0-584-g9d6b971ae4 (webtiles) character file.

Game seed: 2935820153846324754, levelgen mode: deterministic

46859 Arang the Severer (level 14, 0/106 HPs)
             Began as a Formicid Fighter on Sept 3, 2019.
             Was a Priest of Ru.
             Slain by a komodo dragon (20 damage)
             ... on level 6 of the Lair of Beasts.
             The game lasted 01:38:06 (25301 turns).

Arang the Severer (Formicid Fighter)               Turns: 25301, Time: 01:38:07

Health: 0/106      AC: 17    Str: 25    XL:     14   Next: 78%
Magic:  14/14      EV:  7    Int: 11    God:    Ru [***...]
Gold:   527        SH: 12    Dex: 10    Spells: 13/13 levels left

rFire    . . .     SeeInvis +   a - +4 war axe
rCold    . . .     Gourm    .   L - +2 shield {rN+}
rNeg     + + .     Faith    .   K - +3 chain mail
rPois    .         Spirit   .   (helmet unavailable)
rElec    .         Reflect  .   s - +2 cloak {MR+}
rCorr    +         Harm     .   d - +2 pair of gloves {archery}
MR       ++...                  (no boots)
Stlth    ..........             M - amulet of the acrobat
HPRegen  0.27/turn              m - ring of positive energy
MPRegen  0.14/turn              B - ring of resist corrosion

@: no status effects
A: permanent stasis, dig shafts and tunnels, four strong arms, antennae 3,
clever 1, frail 1, hated by all, no air magic, no charms magic, no
transmutations magic, reduced AC 1
a: Dig, Shaft Self, Draw Out Power, Renounce Religion


You were on level 6 of the Lair of Beasts.
You worshipped Ru.
Ru was most pleased with you.
You were very hungry.

You visited 2 branches of the dungeon, and saw 19 of its levels.
You also visited: Bailey.

You collected 1046 gold pieces.
You spent 519 gold pieces at shops.

Inventory:

Hand Weapons
 a - a +4 war axe (weapon)
 g - a +0 broad axe
 l - the +6 morningstar of Baqaohav {speed, rF+++ rC- MP-9 Int+7}
   (You found it on level 10 of the Dungeon)

   Attacks with this weapon are significantly faster.
   It affects your intelligence (+7).
   It renders you almost immune to fire.
   It makes you vulnerable to cold.
   It affects your magic capacity (-9).
 w - a +0 battleaxe
 O - a +1 scimitar of flaming
Missiles
 u - 28 boomerangs (quivered)
 x - 57 poisoned darts
 A - 4 javelins
Armour
 d - a +2 pair of gloves of archery (worn)
 e - a scarf of cloud immunity
 s - a +2 cloak of magic resistance (worn)
 z - a +2 leather armour of magic resistance
 K - a +3 chain mail (worn)
 L - a +2 shield of positive energy (worn)
 N - a +2 scale mail of cold resistance
Jewellery
 m - a ring of positive energy (left hand)
 B - a ring of resist corrosion (right hand)
 M - an amulet of the acrobat (around neck)
 R - an uncursed ring of ice
 T - an uncursed ring of ice
Wands
 i - a wand of disintegration (18)
 q - a wand of flame (7)
 y - a wand of digging (8)
 F - a wand of random effects (11)
 G - a wand of paralysis (20)
 J - a wand of iceblast (2)
Scrolls
 b - a scroll of magic mapping
 c - 2 scrolls of enchant weapon
 j - 2 scrolls of enchant armour
 r - 7 scrolls of amnesia
 E - a scroll of fog
 H - 7 scrolls of remove curse
 Q - 6 scrolls of identify
Potions
 h - a potion of magic
 k - 10 potions of curing
 n - 3 potions of brilliance
 o - 2 potions of invisibility
 p - 2 potions of cancellation
 v - 3 potions of agility
 D - 2 potions of flight
 I - 4 potions of heal wounds
 P - a potion of resistance
Comestibles
 f - 31 rations


   Skills:
 + Level 13.0 Fighting
 + Level 15.1 Axes
 + Level 10.3 Throwing
 + Level 12.7 Armour
 - Level 6.0 Shields


You had 13 spell levels left.
You didn't know any spells.
Your spell library contained the following spells:

 Spells                   Type           Power        Failure   Level  Hunger
 Infusion                 Chrm           Unusable     N/A         1    N/A
 Shroud of Golubria       Chrm/Tloc      Unusable     N/A         2    N/A
 Song of Slaying          Chrm           Unusable     N/A         2    N/A
 Regeneration             Chrm/Necr      Unusable     N/A         3    N/A
 Spectral Weapon          Hex/Chrm       Unusable     N/A         3    N/A

Dungeon Overview and Level Annotations

Branches:
Dungeon (14/15)            Temple (0/1) D:6            Lair (4/6) D:9
 Shoals (0/4) Lair:3       Spider (0/4) Lair:2          Orc (0/2) D:12
 Bailey (visited)
 Vaults: D:13-14

Altars:
Hepliaklqana
Ru
Wu Jian

Shops:
D:5 ?   D:10 [

Annotations:
D:2 exclusion: 2 downstairs
D:3 2 runed translucent doors, Edmund; Pikel; paps's ghost, amateur DsGl
D:5 2 transporters, exclusion: 2 downstairs, swagumen's ghost, novice SpAK
D:6 Eustachio
D:7 4 runed translucent doors
D:8 exclusion: downstairs
D:13 exclusion: downstairs
D:14 exclusion: obsidian statue
Lair:1 3 runed translucent doors, skumtomte's ghost, novice TeAE
Lair:2 3 runed translucent doors, Omaricsitoeh's ghost, journeyman GrFi
Lair:3 exclusion: 2 downstairs


Innate Abilities, Weirdness & Mutations

You cannot be hasted, slowed, berserked, paralysed or teleported.
You can dig through walls and to a lower floor.
Your four strong arms can wield two-handed weapons with a shield.
You have a pair of large antennae on your head. (SInv)
You are hated by all.
You cannot study or cast Air magic.
You cannot study or cast Charms magic.
You cannot study or cast Transmutations magic.
You take slightly more damage. (AC -5)
Your mind is acute. (Int +2)
You are frail. (-10% HP)


Message History

* * * LOW HITPOINT WARNING * * *
You slice the yak!!
You kill the yak!
You slash the komodo dragon!
The komodo dragon is lightly wounded.
You hear a croak.
You block the komodo dragon's attack.
You hit the komodo dragon but do no damage.
The komodo dragon is lightly wounded.
The komodo dragon bites you.
* * * LOW HITPOINT WARNING * * *
You slash the komodo dragon!
The komodo dragon is heavily wounded.
You hit the komodo dragon.
The komodo dragon is heavily wounded.
You block the komodo dragon's attack.
You barely miss the komodo dragon.
The komodo dragon is heavily wounded.
The komodo dragon bites you!!
You die...

#.......#
#.l$....#
#.Y.....#
#.(.Y...#
#.......#
#####.Y.%..#
#@#{#..{...#
##l#{......#
####.{....#
#.....).##
##.......#
##...†....#
#.)...F...#
#.#........#
........†$!..#


You could see a komodo dragon.

Vanquished Creatures
  Fannar (Lair:1)
  2 hydras (Lair:3)
  5 death yaks (Lair:4)
  A two-headed ogre (D:9)
  Nergalle (Lair:3)
  2 unseen horrors
  A wolf spider zombie (D:14)
  2 oklob plants (Lair:3)
  14 ugly things
  A deep elf mage (D:13)
  A cyclops (D:11)
  3 elephants (Lair:3)
  2 black mambas (Lair:3)
  A gargoyle (D:13)
  Psyche (D:11)
  A kobold demonologist (D:11)
  3 centaur skeletons
  2 spiny frogs (Lair:6)
  An efreet (D:13)
  A komodo dragon (Lair:4)
  8 rime drakes
  7 jumping spiders
  5 trolls
  2 hornets
  5 hippogriffs
  4 polar bears
  8 slime creatures
  A blink frog (Lair:6)
  4 dream sheep (Lair:6)
  A tarantella (shapeshifter) (D:13)
  A shadow (D:11)
  2 redbacks
  A water elemental (D:14)
  2 wyverns
  30 yaks
  A basilisk (D:13)
  A hungry ghost (D:13)
  3 vampire mosquitoes (D:13)
  6 steam dragons (Lair:4)
  7 porcupines
  2 soldier ants (D:11)
  5 orc warriors
  7 water moccasins
  A sky beast (D:10)
  4 slaves (D:3)
  8 wolves (Lair:3)
  3 ice beasts
  2 ogres
  2 phantoms
  4 necrophages
  10 centaurs
  13 crocodiles
  3 big kobolds
  Blork the orc (D:3)
  16 bullfrogs
  2 wyvern zombies
  A water moccasin skeleton (D:8)
  4 scorpions
  4 killer bees (D:8)
  7 wights
  A howler monkey (D:6)
  4 electric eels
  8 crimson imps
  3 jellies
  3 quasits
  A centaur zombie (D:8)
  A bullfrog zombie (D:9)
  Crazy Yiuf (D:4)
  5 hounds
  3 orc priests
  10 orc wizards
  14 worker ants
  Jessica (D:2)
  4 iguanas
  Ijyb (D:3)
  2 mummies (D:9)
  10 gnolls
  A worker ant zombie (D:8)
  18 adders
  3 shadow imps
  2 oozes (D:4)
  2 adder skeletons
  3 worms
  2 dart slugs (D:1)
  6 leopard geckos
  40 orcs
  A ball python (D:3)
  7 giant cockroaches
  10 goblins
  6 hobgoblins
  4 jackals
  3 quokkas
  8 bats
  4 frilled lizards
  A jackal zombie (D:6)
  30 kobolds
  A leopard gecko skeleton (D:4)
  2 leopard gecko zombies
  2 quokka zombies
  6 rats
  2 fungi
  3 plants (Lair:3)
  A withered plant (D:9)
484 creatures vanquished.

Vanquished Creatures (others)
  A death yak (Lair:4)
  A rime drake (Lair:4)
  A yak (Lair:6)
  An orc (D:11)
  A fungus (D:9)
  9 plants
14 creatures vanquished.

Grand Total: 498 creatures vanquished

Notes
Turn   | Place    | Note
-------+----------+-------------------------------------------
     0 | D:1      | Arang the Formicid Fighter began the quest for the Orb.
     0 | D:1      | Reached XP level 1. HP: 18/18 MP: 1/1
   256 | D:1      | Reached XP level 2. HP: 25/25 MP: 2/2
   701 | D:1      | Reached XP level 3. HP: 27/30 MP: 3/3
  1135 | D:2      | Noticed Jessica
  1161 | D:2      | Killed Jessica
  1161 | D:2      | Reached skill level 3 in Axes
  1161 | D:2      | Reached XP level 4. HP: 35/38 MP: 4/4
  1215 | D:2      | Found a sacrificial altar of Ru.
  2182 | D:3      | Found a runed translucent door.
  2189 | D:3      | Noticed paps's ghost (amateur DsGl)
  2283 | D:3      | Noticed Ijyb
  2310 | D:3      | Killed Ijyb
  2310 | D:3      | Reached skill level 4 in Axes
  2310 | D:3      | Reached XP level 5. HP: 39/43 MP: 5/5
  2455 | D:3      | Found a runed translucent door.
  2963 | D:2      | Became a worshipper of Ru the Awakened
  3038 | D:4      | Noticed Blork the orc
  3053 | D:3      | Killed Blork the orc
  3053 | D:3      | Reached skill level 5 in Axes
  3053 | D:3      | Reached XP level 6. HP: 26/50 MP: 6/6
  3204 | D:4      | Noticed Edmund
  3204 | D:4      | Noticed a slave
  3206 | D:4      | Noticed a slave
  3277 | D:4      | Noticed a slave
  3297 | D:3      | Killed a slave
  3303 | D:3      | Killed a slave
  3489 | D:4      | Noticed Pikel
  3491 | D:4      | Noticed a slave
  3868 | D:3      | Killed a slave
  3878 | D:3      | Killed a slave
  4074 | D:3      | Gained mutation: You are frail. (-10% HP) [potion of
                  | mutation]
  4074 | D:3      | Gained mutation: Your mind is acute. (Int +2) [potion of
                  | mutation]
  4802 | D:4      | Found a runed translucent door.
  4803 | D:4      | Noticed Crazy Yiuf
  4918 | D:4      | Reached skill level 5 in Fighting
  5026 | D:4      | Reached XP level 7. HP: 35/50 MP: 7/7
  5324 | D:4      | Killed Crazy Yiuf
  5324 | D:4      | Reached skill level 6 in Axes
  5458 | D:5      | Entered Level 5 of the Dungeon
  5815 | D:5      | Reached skill level 1 in Throwing
  5953 | D:5      | Found Ofemerehe's Magic Scroll Boutique.
  6011 | D:5      | Gained mutation: You cannot study or cast Air magic. [Ru
                  | sacrifice]
  6011 | D:5      | Gained mutation: You cannot study or cast Transmutations
                  | magic. [Ru sacrifice]
  6011 | D:5      | Gained mutation: You cannot study or cast Charms magic. [Ru
                  | sacrifice]
  6011 | D:5      | Reached * piety under Ru
  6069 | D:5      | Reached XP level 8. HP: 47/56 MP: 8/8
  6342 | D:5      | Noticed swagumen's ghost (novice SpAK)
  6349 | D:5      | Found a transporter.
  6351 | D:5      | Found a transporter.
  6410 | D:6      | Noticed Eustachio
  6581 | D:6      | Reached skill level 7 in Axes
  7017 | D:6      | Found a staircase to the Ecumenical Temple.
  7893 | D:7      | Reached skill level 5 in Armour
  7905 | D:7      | Found an ornate altar of the Wu Jian Council.
  7935 | D:7      | Found a flagged portal.
  7955 | Bailey   | Entered a bailey
  7970 | Bailey   | Noticed an orc warlord
  8332 | Bailey   | Found a runed translucent gate.
  8333 | Bailey   | Found a runed translucent gate.
  8335 | Bailey   | Found a runed translucent gate.
  8352 | Bailey   | Reached skill level 8 in Axes
  8352 | Bailey   | Reached XP level 9. HP: 8/62 MP: 9/9
  8598 | Bailey   | Reached skill level 10 in Axes
  8598 | Bailey   | Reached XP level 10. HP: 76/76 MP: 10/10
  8609 | Bailey   | Identified a scroll of acquirement
  8610 | Bailey   | Got a crude arbalest
  8749 | D:5      | Identified the +4 arbalest of Satyriasis {flame, rElec
                  | Dex+2} (You acquired it in a bailey)
  8896 | D:7      | Reached skill level 10 in Fighting
  8902 | D:7      | Found a huge runed translucent gate.
  8902 | D:7      | Found a huge runed translucent gate.
  8902 | D:7      | Found a huge runed translucent gate.
  8902 | D:7      | Found a huge runed translucent gate.
  9863 | D:8      | Reached skill level 11 in Axes
 10672 | D:9      | Found a staircase to the Lair.
 10704 | D:9      | Reached skill level 10 in Armour
 10838 | D:9      | Noticed a two-headed ogre
 11094 | D:9      | Reached XP level 11. HP: 73/82 MP: 11/11
 11121 | D:9      | Found a hazy altar of Hepliaklqana.
 11188 | D:9      | Killed a two-headed ogre
 12099 | D:10     | Entered Level 10 of the Dungeon
 12496 | D:10     | Identified the +6 morningstar of Baqaohav {speed, rF+++ rC-
                  | MP-9 Int+7} (You found it on level 10 of the Dungeon)
 12548 | D:10     | Reached skill level 5 in Shields
 12773 | D:10     | Found Rusefaint's Armour Boutique.
 12777 | D:10     | Bought a +2 cloak of magic resistance for 279 gold pieces
 12777 | D:10     | Bought a +2 shield of positive energy for 240 gold pieces
 13423 | D:11     | Noticed Psyche
 13617 | D:11     | Reached skill level 5 in Throwing
 13652 | D:11     | Noticed a cyclops
 13679 | D:11     | Killed a cyclops
 13679 | D:11     | Reached skill level 12 in Axes
 13935 | D:11     | Killed Psyche
 14257 | D:11     | Reached XP level 12. HP: 67/89 MP: 12/12
 14948 | D:12     | Found a staircase to the Orcish Mines.
 15342 | D:12     | Noticed an unseen horror
 15354 | D:12     | Killed an unseen horror
 16284 | D:13     | Paralysed by fainting for 12 turns
 16299 | D:13     | Reached skill level 13 in Axes
 16583 | D:13     | Noticed an unseen horror
 16603 | D:13     | Killed an unseen horror
 16606 | D:13     | Reached XP level 13. HP: 70/95 MP: 13/13
 18013 | D:14     | Found a sacrificial altar of Ru.
 18395 | D:14     | Noticed an alligator snapping turtle
 18407 | D:14     | Noticed a frost giant
 18454 | D:14     | Noticed a seven-headed hydra
 18574 | Lair:1   | Entered Level 1 of the Lair of Beasts
 18598 | Lair:1   | Noticed Fannar
 18619 | Lair:1   | Killed Fannar
 18619 | Lair:1   | Reached skill level 14 in Axes
 19132 | Lair:1   | Found a runed translucent gate.
 19132 | Lair:1   | Found a runed translucent gate.
 19132 | Lair:1   | Found a runed translucent gate.
 19221 | Lair:1   | Noticed skumtomte's ghost (novice TeAE)
 20721 | Lair:2   | Noticed Omaricsitoeh's ghost (journeyman GrFi)
 20731 | Lair:2   | Found a hole to the Spider Nest.
 20828 | Lair:2   | Found a runed translucent gate.
 20828 | Lair:2   | Found a runed translucent gate.
 20828 | Lair:2   | Found a runed translucent gate.
 21243 | Lair:3   | Gained mutation: You are hated by all. [Ru sacrifice]
 21243 | Lair:3   | Reached ** piety under Ru
 21911 | Lair:3   | Noticed Nergalle
 21923 | Lair:3   | Killed Nergalle
 21950 | Lair:3   | Reached XP level 14. HP: 104/104 MP: 14/14
 21985 | Lair:3   | Found a staircase to the Shoals.
 23924 | Lair:4   | Gained mutation: You take slightly more damage. (AC -5) [Ru
                  | sacrifice]
 23924 | Lair:4   | Reached *** piety under Ru
 24331 | Lair:4   | Reached skill level 10 in Throwing
 24341 | Lair:4   | Reached skill level 15 in Axes
 25220 | Lair:4   | You fall into a shaft and drop 2 floors!
 25220 | Lair:6   | Entered Level 6 of the Lair of Beasts
 25301 | Lair:6   | Slain by a komodo dragon

Levels and vault maps discovered:
D:1:      evilmike_arrival_hilbert_curve, layout_loops_ring, minmay_tetromino_i4
D:2:      layout_loops_ring, overflow_temple_1_default, uniq_jessica
D:3:      layout_basic, ebering_ghost_sewer_f, serial_bayou_lagoon_a, uniq_ijyb
D:4:      layout_basic, first_ration, uniq_pikel, uniq_crazy_yiuf_cottage,
          uniq_edmund, uniq_blork_the_orc
D:5:      layout_rooms, serial_shops, nicolae_shop_statue_plus,
          gammafunk_ghost_smash
D:6:      layout_layer_cave, minmay_temple_entry_nine_rooms, uniq_eustachio
D:7:      lemuel_bear_cage, layout_basic, basic_altar, enter_bailey_3
D:8:      layout_rooms, serial_curves, eino_curves_03, eino_curves_02,
          eino_curves_03
D:9:      layout_loops_ring, minmay_lair_entry_grove, basic_altar,
          serial_undead, serial_undead_d, serial_undead_c, serial_undead_f,
          serial_undead_c
D:10:     layout_irregular_city, serial_shops, shop
D:11:     layout_roguey, hangedman_pestilent_swarm, uniq_psyche
D:12:     layout_rooms, orc_0_dummy
D:13:     layout_cave_pools
D:14:     layout_loops_ring, skrybe_vaults_entry_preservation,
          chequers_serial_rivers_small_a, serial_bayou_pond_a,
          nrook_pool_corridor, minivault_16, minivault_14,
          nicolae_ru_awakened_eye
Lair:1:   layout_gridlike, gammafunk_ghost_icy, cheibrodos_lair_lostbears,
          serial_bayou_shore_a, lemuel_fruit_tree, uniq_fannar
Lair:2:   layout_regular_city, nicolae_spider_entry_tight_spaces,
          gammafunk_ghost_split
Lair:3:   layout_regular_city, elwin_shoals_entry_rocks,
          minmay_lair_oklob_chamber, uniq_nergalle
Lair:4:   layout_cave_pods, bobbens_dragon_lair_wall
Lair:6:   evilmike_catoblepas_cave, layout_hall_layers,
          minmay_slime_entry_pillars

Skill      XL: |  1  2  3  4  5  6  7  8  9 10 11 12 13 14 |
---------------+-------------------------------------------+-----
Fighting       | 4 5 6 9 10 11 12 13 | 13.0
Axes           | 3 4 5 6 8 10 11 12 13 14 15 | 15.1
Throwing       | 1 2 3 5 7 9 10 | 10.3
Armour         | 4 5 9 10 11 12 | 12.7
Shields        | 4 5 6 |  6.0

Action                   |  1- 3 |  4- 6 |  7- 9 | 10-12 | 13-15 || total
-------------------------+-------+-------+-------+-------+-------++-------
Melee: War axe           |    95 |   280 |   300 |   735 |   612 ||  2022
       Battleaxe         |       |    23 |       |       |       ||    23
       Scimitar          |       |       |       |       |    11 ||    11
Throw: Javelin           |       |    13 |       |     6 |     7 ||    26
       Boomerang         |       |     7 |    73 |   127 |   222 ||   429
       Dart              |       |       |       |    77 |    15 ||    92
Invok: Sacrifice Arcana  |       |       |     1 |       |       ||     1
       Reject Sacrifices |       |       |     1 |     1 |       ||     2
       Sacrifice Love    |       |       |       |       |     1 ||     1
       Sacrifice Health  |       |       |       |       |     1 ||     1
 Abil: Dig               |       |       |     1 |       |     3 ||     4
       Shaft Self        |       |       |       |       |     1 ||     1
Evoke: Wand              |       |       |       |    12 |     5 ||    17
  Use: Scroll            |       |     7 |    12 |    10 |     5 ||    34
       Potion            |       |     1 |     7 |     2 |     6 ||    16
 Stab: Distracted        |       |       |       |     2 |       ||     2
       Invisible         |       |       |       |       |     4 ||     4
  Eat: Chunk             |     1 |     9 |    12 |    19 |    21 ||    62
       Ration            |       |     1 |       |     3 |     2 ||     6
Armor: Scale mail        |    39 |       |       |       |       ||    39
       Chain mail        |       |   150 |   232 |   323 |   269 ||   974
Dodge: Dodged            |    28 |    61 |   112 |   133 |   151 ||   485
Block: Shield            |    43 |   144 |   194 |   314 |   328 ||  1023

Table legend:
 A = Non-vault XP
 B = Vault XP
 C = Vault XP percentage of total XP
 D = Non-vault monster count
 E = Vault monster count
 F = Vault count percentage of total count
                 A         B        C        D         E       F
            +---------+---------+-------+---------+---------+-------
      Total |   50931 |   13973 |  21.5 |     388 |      89 |  18.7
            +---------+---------+-------+---------+---------+-------
        D:1 |      31 |       3 |   8.8 |      17 |       2 |  10.5
        D:2 |      28 |      37 |  56.9 |      15 |       1 |   6.2
        D:3 |     141 |     130 |  48.0 |      28 |       2 |   6.7
        D:4 |     214 |      40 |  15.7 |      22 |       1 |   4.3
        D:5 |     411 |       0 |   0.0 |      20 |       0 |   0.0
        D:6 |     406 |       0 |   0.0 |      16 |       0 |   0.0
        D:7 |     706 |       8 |   1.1 |      18 |       4 |  18.2
        D:8 |    1170 |     137 |  10.5 |      17 |       1 |   5.6
        D:9 |    1892 |    2154 |  53.2 |       9 |      19 |  67.9
       D:10 |    1354 |       0 |   0.0 |      31 |       0 |   0.0
       D:11 |    3428 |     780 |  18.5 |      35 |       5 |  12.5
       D:12 |    4939 |       0 |   0.0 |      22 |       0 |   0.0
       D:13 |    7068 |       0 |   0.0 |      31 |       0 |   0.0
       D:14 |    6576 |     458 |   6.5 |      19 |       2 |   9.5
     Lair:1 |    2396 |    2964 |  55.3 |      17 |       8 |  32.0
     Lair:2 |    1070 |    1464 |  57.8 |       6 |       5 |  45.5
     Lair:3 |    6272 |    1938 |  23.6 |      22 |       3 |  12.0
     Lair:4 |    9553 |    3385 |  26.2 |      29 |      13 |  31.0
     Lair:6 |    3276 |       0 |   0.0 |      14 |       0 |   0.0
     Bailey |       0 |     475 | 100.0 |       0 |      23 | 100.0
            +---------+---------+-------+---------+---------+-------
